 Dungeon Crawl Stone Soup version 0.32-a0-705-g60f233581c (webtiles) character file.

Game seed: 2450144425026017484

161 hikkokomori the Shooter (level 5, 0/41 HPs)
             Began as a Coglin Hunter on Mar 14, 2024.
             Was an Initiate of Gozag.
             Slain by Grinder (4 damage)
             ... while paralysed by Grinder
             ... on level 3 of the Dungeon.
             The game lasted 00:04:18 (1838 turns).

hikkokomori the Shooter (Coglin Hunter)             Turns: 1838, Time: 00:04:19

Health: 0/41       AC:  3    Str: 13    XL:     5   Next: 42%
Magic:  5/5        EV:  2    Int:  9    God:    Gozag
Gold:   91         SH:  0    Dex: 17    Spells: 4/4 levels left

rFire   . . .        a - +2 sling {Si-Tayit}
rCold   . . .        d - +0 sling {Enrique}
rNeg    . . .        c - +0 leather armour
rPois   .            (no helmet)
rElec   .            (no cloak)
rCorr   .            (no gloves)
SInv    .            (no boots)
Will    .....        (amulet unavailable)
Stlth   ++           (ring unavailable)
HPRegen 0.26/turn    (ring unavailable)
MPRegen 0.09/turn    (no gizmo)

%: no passive effects
@: paralysed, revved
A: off-hand wielding, slow wielding, warmup strikes, no jewellery
a: Invent Gizmo, Renounce Religion, Potion Petition, Call Merchant, Bribe Branch


You were on level 3 of the Dungeon.
You worshipped Gozag.
Gozag was noncommittal.
You visited 1 branch of the dungeon, and saw 3 of its levels.

You collected 160 gold pieces.
You paid 69 gold pieces to Gozag.

Inventory:

Hand Weapons
 a - a +2 sling (weapon) {Si-Tayit}
 d - a +0 sling (offhand) {Enrique}
 f - a +1 dagger of distortion
Armour
 c - a +0 leather armour (worn)
Wands
 l - a wand of flame (5)
Scrolls
 b - a scroll of butterflies
 g - a scroll of torment
 h - a scroll of immolation {unknown}
 i - 2 scrolls of teleportation {unknown}
 k - a scroll of enchant armour {unknown}
 m - 2 scrolls of fear {unknown}
 p - a scroll of noise {unknown}
Potions
 e - 2 potions of invisibility
 j - a potion of mutation
 n - a potion of might {unknown}
 o - a potion of heal wounds {unknown}


   Skills:
 + Level 3.5 Fighting
 + Level 4.5 Ranged Weapons
 - Level 2.0 Dodging
 - Level 2.0 Stealth
 + Level 1.4 Evocations


You had 4 spell levels left.
You didn't know any spells.
Your spell library contained the following spells:

 Spells                   Type           Power      Damage    Failure   Level
 Passwall                 Erth           0%         N/A       83%         3
 Volatile Blastmotes      Fire/Tloc      0%         2d10      83%         3
 Bombard                  Conj/Erth      0%         9d1       100%        6


Dungeon Overview and Level Annotations

Branches:
Dungeon (3/15)

Altars:
Gozag
Xom

Shops:
D:2 =

Annotations:
D:3 Grinder


Innate Abilities, Weirdness & Mutations

You can wield a second weapon in your off-hand.
It takes a long time for you to wield or remove held weapons.
Your first few attacks do less damage.
You cannot equip rings or amulets.


Message History

You are too injured to fight recklessly!
You are too injured to fight recklessly!
You are too injured to fight recklessly!
You are too injured to fight recklessly!
You are too injured to fight recklessly!
Unknown command.
Unknown command.
Unknown command.
You shoot a sling bullet.
The sling bullet hits Grinder but does no damage.
Grinder is heavily wounded.
You shoot a sling bullet.
The sling bullet hits Grinder but does no damage.
Grinder is heavily wounded.
Grinder gestures at you. Pain shoots through your body!
You shoot a sling bullet. The sling bullet hits Grinder.
Grinder is severely wounded.
You shoot a sling bullet. The sling bullet hits Grinder!
Grinder is almost dead.
Grinder says, "Wait up."
Grinder gestures at you. Pain shoots through your body!
You shoot a sling bullet. The sling bullet hits Grinder.
Grinder is almost dead.
You shoot a sling bullet. The sling bullet hits Grinder.
Grinder is almost dead.
Grinder gestures at you.
You suddenly lose the ability to move!
Grinder says, "At least Makhleb appreciates what I'm doing."
Grinder hits you.
* * * LOW HITPOINT WARNING * * *
You writhe in agony.
* * * LOW HITPOINT WARNING * * *
Grinder hits you.
* * * LOW HITPOINT WARNING * * *
You writhe in agony.
You die...
Grinder says, "Hey, I wasn't done torturing you yet!"
Your body crumbles into a pile of gold.

## #.........######.
.###(...............
...#.........#######
.#.....>.......#####
..####.....##......###..
#..##...................
##.##.....#####...##...#
#.....########.......<.
##..............@5......
...#...#######..##.>....
.(###....#####.###......
.####.##.........# #.#..
.#....##.รท.......# ....
#..#####....)....###.#..
..## #..........(..# .
.## #.........##... ###
#.)............


You could see Grinder.

Vanquished Creatures
  An iguana (D:3)
  Natasha (thrice) (D:2)
  An adder (D:3)
  3 dart slugs
  5 orcs (D:3)
  4 endoplasms
  5 goblins
  4 hobgoblins
  4 jackals (D:2)
  A quokka (D:1)
  5 ball pythons
  2 kobolds (D:1)
  5 rats (D:1)
43 creatures vanquished.

Notes
Turn   | Place    | Note
-------+----------+-------------------------------------------
     0 | D:1      | hikkokomori the Coglin Hunter began the quest for the Orb.
     0 | D:1      | Reached XP level 1. HP: 16/16 MP: 1/1
    46 | D:1      | Reached skill level 1 in Stealth
    75 | D:1      | Reached XP level 2. HP: 22/22 MP: 2/2
   545 | D:1      | Reached XP level 3. HP: 28/28 MP: 3/3
   612 | D:2      | Found Vivoy's Jewellery Emporium.
   632 | D:2      | Noticed Natasha
   637 | D:2      | Killed Natasha
   638 | D:2      | Reached skill level 4 in Ranged Weapons
   704 | D:2      | Noticed Natasha
   709 | D:2      | Killed Natasha
   710 | D:2      | Reached XP level 4. HP: 21/35 MP: 4/4
   990 | D:2      | Noticed Natasha
   995 | D:2      | Killed Natasha
  1166 | D:2      | Found a shimmering altar of Xom.
  1502 | D:2      | Found a faded altar of an unknown god.
  1602 | D:3      | Found an opulent altar of Gozag.
  1606 | D:3      | Reached XP level 5. HP: 41/41 MP: 5/5
  1610 | D:3      | Became a worshipper of Gozag Ym Sagoz the Greedy
  1661 | D:3      | Reached skill level 1 in Evocations
  1826 | D:3      | Noticed Grinder
  1836 | D:3      | Paralysed by Grinder for 5 turns
  1838 | D:3      | Slain by Grinder

Illustrated notes

Levels and vault maps discovered:
D:1:      beargit_arrival_greenhouse, layout_loops_ring, minmay_statues_item,
          chequers_garden
D:2:      layout_loops_corners, serial_shops, shop, basic_altar,
          nicolae_ecumenical_oubliette, uniq_natasha
D:3:      minmay_goblin_kobold_castle, layout_rooms,
          mainiacjoe_overflow_24_doors, hellmonk_ghost_happy_afterlife,
          uniq_grinder

Skill      XL: |  1  2  3  4  5 |
---------------+----------------+-----
Stealth        | 1 2 |  2.0
Dodging        | 2 |  2.0
Ranged Weapons | 4 |  4.5
Fighting       | 3 |  3.5
Evocations     | 1 |  1.4

Action                     |  1- 3 |  4- 6 || total
---------------------------+-------+-------++-------
   Fire: Sling             |   104 |   118 ||   222
    Use: Scroll            |     3 |       ||     3
 Armour: Leather armour    |     6 |    10 ||    16
  Dodge: Dodged            |    10 |    13 ||    23

Table legend: (Time is in decaauts)
 A = Elapsed time spent in this place.
 B = Non-inter-level travel time spent in this place.
 C = Inter-level travel time spent in this place.
 D = Time resting spent in this place.
 E = Time spent auto-exploring this place.
 F = Levels seen in this place.
 G = Mean time per level.
                   A        B        C        D        E       F      G
               +--------+--------+--------+--------+--------+-----+--------+
         Total |   1871 |   1857 |     14 |      0 |   1620 |   3 |  623.7 |
       Dungeon |   1871 |   1857 |     14 |      0 |   1620 |   3 |  623.7 |
               +--------+--------+--------+--------+--------+-----+--------+

Top non-repeatable levels by time:
     D:2: 963 daAuts
     D:1: 621 daAuts
     D:3: 285 daAuts
